 Dungeon Crawl Stone Soup version 0.18-a0-1120-g03bd624 (webtiles) character file.

51 gorblad the Skirmisher (level 3, -7/36 HPs)
             Began as a Naga Berserker on Jan 17, 2016.
             Was a Believer of Trog.
             Mangled by an orc
             ... wielding a +0 flail
              (8 damage)
             ... on level 3 of the Dungeon.
             The game lasted 00:06:07 (1360 turns).

gorblad the Skirmisher (Naga Berserker)             Turns: 1360, Time: 00:06:07

Health: -7/36      AC:  3    Str: 20    XL:     3   Next: 81%
Magic:  3/3        EV:  9    Int:  7    God:    Trog [**....]
Gold:   137        SH:  0    Dex: 10    Spells: 0 memorised, 2 levels left

rFire  . . .     SeeInvis +     a - +0 spear
rCold  . . .     Gourm    .     b - +0 animal skin
rNeg   . . .     Faith    .     (no shield)
rPois  +         Spirit   .     (no helmet)
rElec  .         Dismiss  .     (no cloak)
rCorr  .         Reflect  .     k - +0 pair of gloves
SustAt +         Harm     .     (no barding)
MR     .....                    (no amulet)
Stlth  +.........               (no ring)
                                h - ring of sustain attributes

@: drained, very slow, not resistant to hostile enchantments, very unstealthy
A: see invisible, deformed body, poison resistance, slowness 2, slow metabolism
1, spit poison 2, AC +1
a: Spit Poison, Berserk, Trog's Hand, Burn Spellbooks, Renounce Religion


You were on level 3 of the Dungeon.
You worshipped Trog.
Trog was pleased with you.
You were not hungry.

You visited 1 branch of the dungeon, and saw 3 of its levels.

You collected 137 gold pieces.

Inventory:

Hand Weapons
 a - a +0 spear (weapon)
 q - a +2 vampiric spear
Armour
 b - a +0 animal skin (worn)
 k - a +0 pair of gloves (worn)
Jewellery
 h - a ring of sustain attributes (left hand)
Wands
 o - a wand of slowing (33/48)
Scrolls
 e - a scroll of remove curse
Potions
 f - 2 potions of lignification
 i - a potion of brilliance {unknown}
 j - a potion of heal wounds {unknown}
 l - a potion of mutation {unknown}
 m - 3 potions of agility {unknown}
 n - a potion of curing {unknown}
Comestibles
 c - 2 bread rations
 d - a beef jerky


   Skills:
 + Level 3.7(2.6) Fighting
 + Level 3.6(2.5) Polearms
 + Level 1.8(0.8) Armour
 + Level 1.9(0.9) Dodging


You had 2 spell levels left.
You didn't know any spells.

Dungeon Overview and Level Annotations

Branches:
Dungeon (3/15)

Altars:
Zin


Innate Abilities, Weirdness & Mutations

You cannot wear boots.
Your serpentine skin is tough (AC +1).
You have supernaturally acute eyesight.
Armour fits poorly on your strangely shaped body.
Your system is resistant to poisons.
You cover ground very slowly.
You have a slow metabolism.
You can spit poison.


Message History

The orc is lightly wounded.
The orc barely misses you.
You closely miss the orc.
The orc is lightly wounded.
You hit the orc but do no damage.
The orc is lightly wounded.
The orc hits you with a flail.
* * * LOW HITPOINT WARNING * * *
You hit the orc but do no damage.
The orc is lightly wounded.
The rat twitches its whiskers.
The orc hits you with a flail.
* * * LOW HITPOINT WARNING * * *
You hit the orc but do no damage.
The orc is lightly wounded.
The orc hits you but does no damage.
You hit the orc but do no damage.
The orc is lightly wounded.
The orc hits you with a flail!
You die...

. #.....
..#####....
........./
.......o.
#.....)#
#......###
#......ro#
#......#o#
#......#@#
........#.#####
##......#.....#
############.#
#..<#.# #.###.#
#.....# #######


You could see 2 orcs and a rat.

Vanquished Creatures
  2 adders (D:2)
  3 orcs (D:3)
  2 bats
  6 goblins
  3 hobgoblins (D:1)
  4 jackals (D:2)
  2 kobolds (D:1)
  A ball python (D:1)
  2 giant newts (D:1)
  3 rats
28 creatures vanquished.

Notes
Turn   | Place    | Note
--------------------------------------------------------------
     0 | D:1      | gorblad the Naga Berserker began the quest for the Orb.
     0 | D:1      | Reached XP level 1. HP: 21/21 MP: 1/1
   272 | D:1      | Reached XP level 2. HP: 18/28 MP: 2/2
   991 | D:2      | Reached XP level 3. HP: 23/34 MP: 3/3
  1230 | D:2      | Found a glowing silver altar of Zin.
  1339 | D:3      | Reached ** piety under Trog
  1358 | D:3      | HP: 1/36 [orc/flail (5)]
  1360 | D:3      | Mangled by an orc

Vault maps used:
D:1:      tarquinn_simple_flora_water_c
D:2:      nicolae_overflow_crystal_walls, first_bread

Action                   || total
-------------------------++-------
Melee: Spear             ||   122
  Use: Scroll            ||     7
  Eat: Chunk             ||     1
